 Dungeon Crawl Stone Soup version 0.21-a0-221-gfe971b9 (webtiles) character file.

2841 tehllama the Martial Artist (level 9, -3/54 HPs)
             Began as an Octopode Transmuter on Aug 27, 2017.
             Was an Initiate of Gozag.
             Slain by Grum
             ... wielding a -2 glaive
              (27 damage)
             ... on level 8 of the Dungeon.
             The game lasted 00:21:41 (7020 turns).

tehllama the Martial Artist (Octopode Transmuter)   Turns: 7020, Time: 00:21:44

Health: -3/54      AC:  1    Str: 18    XL:     9   Next: 74%
Magic:  10/14      EV: 15    Int: 16    God:    Gozag
Gold:   701        SH:  0    Dex: 12    Spells: 9/15 levels left

rFire    . . .     SeeInvis .     - Unarmed
rCold    . . .     Gourm    +   (no shield)
rNeg     . . .     Faith    .   (helmet restricted)
rPois    .         Spirit   .   E - amulet of the gourmand
rElec    .         Reflect  .   r - ring of protection from magic
rCorr    .         Harm     .   t - ring of flight
MR       +....                  j - +3 ring of strength
Stlth    +++.......             B - +1 ring of evasion
HPRegen  0.18/turn              o - +3 ring of strength
MPRegen  0.14/turn              (no ring)
                                (no ring)
                                (no ring)

@: gold aura, very slightly contaminated, drained
A: almost no armour, stealthy swim, amphibious, 8 rings, constrict 8, camouflage
1, gelatinous body 1
a: Potion Petition, Call Merchant, Bribe Branch, Renounce Religion, Evoke Flight


You were on level 8 of the Dungeon.
You worshipped Gozag.
Gozag was pleased with you.
You were not hungry.

You visited 1 branch of the dungeon, and saw 8 of its levels.

You collected 1006 gold pieces.
You spent 286 gold pieces at shops.
You paid 19 gold pieces to Gozag.

Inventory:

Hand Weapons
 F - the +9 mace of Inconvenience {crush, +Blink rElec MR- Dex+4}
   (You found it on level 6 of the Dungeon)

   It inflicts extra damage upon your enemies.
   It affects your dexterity (+4).
   It insulates you from electricity.
   It affects your resistance to hostile enchantments.
   It lets you blink.
 K - the +7 mace of Departure {venom, *Drain *Slow rN+++ SInv}
   (You found it on level 7 of the Dungeon)

   It poisons the flesh of those it strikes.
   It renders you almost immune to negative energy.
   It lets you see invisible.
   It causes draining when unequipped.
   It may slow you when you take damage.
Missiles
 a - 163 arrows
Armour
 h - a +0 shield
 q - a +0 buckler
Jewellery
 j - a +3 ring of strength (on tentacle)
 o - a +3 ring of strength (on tentacle)
 r - a ring of protection from magic (left tentacle)
 t - a ring of flight (right tentacle)
 u - an uncursed ring of ice
 B - a +1 ring of evasion (on tentacle)
 E - an amulet of the gourmand (around mantle)
Wands
 i - a wand of acid (0/15)
 v - a wand of digging (13/24)
 C - a wand of acid (0/15)
 H - a wand of disintegration (0/24)
 J - a wand of flame (32/48)
Scrolls
 d - 2 scrolls of teleportation
 k - 3 scrolls of remove curse
 p - a scroll of fear
 s - a scroll of enchant armour {unknown}
Potions
 e - 4 potions of agility
 f - 2 potions of might {unknown}
 g - 4 potions of cancellation
 l - 3 potions of curing
 m - a potion of heal wounds
 n - a potion of magic
 w - a potion of brilliance {unknown}
 x - 3 potions of mutation
 D - a potion of degeneration {unknown}
Books
 b - a book of Changes

   Spells                             Type                      Level
   a - Beastly Appendage              Transmutation                1
   b - Sticks to Snakes               Transmutation                2
   c - Spider Form                    Transmutation/Poison         3
   d - Ice Form                       Ice/Transmutation            4
   e - Blade Hands                    Transmutation                5
Comestibles
 c - 4 bread rations
 G - a meat ration


   Skills:
 + Level 2.2(1.2) Fighting
 + Level 3.7(2.7) Dodging
 + Level 4.3(3.2) Stealth
 + Level 3.2(2.1) Shields
 * Level 8.4(7.3) Unarmed Combat
 + Level 3.8(2.7) Spellcasting
 * Level 6.3(5.2) Transmutations
 - Level 3.0(2.0) Poison Magic
 + Level 3.8(2.8) Evocations


You had 9 spell levels left.
You knew the following spells:

 Your Spells              Type           Power        Failure   Level  Hunger
a - Beastly Appendage     Tmut           ###...       2%          1    #......
b - Sticks to Snakes      Tmut           ###.....     3%          2    ##.....
c - Spider Form           Tmut/Pois      ##........   13%         3    ###....


Dungeon Overview and Level Annotations

Branches:
Dungeon (8/15)             Temple (0/1) D:5
   Lair: D:8-11

Altars:
Cheibriados
Dithmenos
Fedhas
Gozag
Nemelex Xobeh
Qazlal
Ru
Sif Muna
Trog
Zin

Shops:
D:4 %   D:5 [   D:6 !

Annotations:
D:3 pkoi's ghost, amateur MiFi
D:7 1 runed door
D:8 Grum


Innate Abilities, Weirdness & Mutations

You cannot wear most types of armour.
You are very stealthy in the water. (Stealth+)
You are amphibious.
You can wear up to eight rings at the same time.
You can use your tentacles to constrict eight enemies at once.
Your skin changes colour to match your surroundings (Stealth+).
Your rubbery body absorbs attacks. (AC +1, EV +1)


Message History

Grum barely misses you.
You see here 11 gold pieces.
You barely miss Grum. You hit Grum.
Grum is poisoned.
Grum is lightly wounded.
Grum misses you.
You bite Grum!
Grum looks as sick as possible!
Grum is moderately wounded.
Grum hits you with a glaive!
You barely miss Grum.
Grum is heavily wounded.
Your transformation has ended.
You barely miss Grum. Your grab misses Grum.
You tentacle-slap Grum, but do no damage.
Your squeeze misses Grum.
Grum is heavily wounded.
Grum hits you with a glaive!!
Ouch! That really hurt!
You die...
Your body crumbles into a pile of gold.

......#####.#
.##..........
.##...#####..# #
.###.## #..# .# .#
#.# #..# ##. .# #.#
#..# .. .# #.# #..#
.# .# #.# #..####.#.#
.###.######.....@...#
..##.......#$####g###
....# ####....# .#
..#.# ###..#..# .#
.##.## #!.#.##.....
......##.#..#..#.#.
###...........##.#.#
###.##.#.#..# #.#
###.##.#.#..##


You could see Grum.

Vanquished Creatures
  A troll (D:6)
  Prince Ribbit (D:5)
  Eustachio (D:6)
  A soldier ant (D:7)
  A sky beast (D:4)
  An ogre (D:5)
  3 centaurs
  2 wolves (D:8)
  Blork the orc (D:5)
  2 bullfrogs
  5 scorpions
  A killer bee (D:7)
  5 wights (D:7)
  2 howler monkeys
  3 crimson imps
  2 hounds
  Crazy Yiuf (D:7)
  3 orc priests
  2 orc wizards (D:7)
  Terence (D:2)
  9 worker ants
  Ijyb (D:5)
  An iguana (D:8)
  A worker ant zombie (D:7)
  6 adders
  2 adder zombies
  2 oozes (D:2)
  2 adder skeletons
  A dart slug (D:2)
  7 leopard geckos
  12 orcs
  4 bats
  8 giant cockroaches
  2 goblins (D:2)
  8 hobgoblins
  10 jackals
  4 kobolds (D:1)
  5 quokkas
  A ball python (D:2)
  7 frilled lizards
  6 rats
138 creatures vanquished.

Vanquished Creatures (collateral kills)
  A jelly (D:5)
1 creature vanquished.

Grand Total: 139 creatures vanquished

Notes
Turn   | Place    | Note
-------+----------+-------------------------------------------
     0 | D:1      | tehllama the Octopode Transmuter began the quest for the Orb.
     0 | D:1      | Reached XP level 1. HP: 13/13 MP: 3/3
   264 | D:1      | Reached XP level 2. HP: 18/18 MP: 5/5
   770 | D:2      | Reached XP level 3. HP: 23/23 MP: 6/6
   782 | D:2      | Noticed Terence
   787 | D:2      | Learned a level 2 spell: Sticks to Snakes
   791 | D:2      | Learned a level 3 spell: Spider Form
   803 | D:2      | Killed Terence
   803 | D:2      | Reached skill level 4 in Unarmed Combat
  1058 | D:2      | Reached XP level 4. HP: 28/28 MP: 7/7
  1236 | D:2      | Found an opulent altar of Gozag.
  1236 | D:2      | Found a sparkling altar of Nemelex Xobeh.
  1245 | D:2      | Became a worshipper of Gozag Ym Sagoz the Greedy
  1688 | D:3      | Reached skill level 5 in Unarmed Combat
  1770 | D:3      | Found a stormy altar of Qazlal.
  1770 | D:3      | Noticed pkoi's ghost (amateur MiFi)
  2062 | D:3      | Reached XP level 5. HP: 27/33 MP: 8/8
  2496 | D:3      | Found a sacrificial altar of Ru.
  2499 | D:3      | Found a snail-covered altar of Cheibriados.
  2697 | D:4      | Reached skill level 6 in Unarmed Combat
  2862 | D:4      | Found Xecku's Food Emporium.
  3044 | D:4      | Noticed a sky beast
  3059 | D:4      | Killed a sky beast
  3059 | D:4      | Reached XP level 6. HP: 19/38 MP: 6/9
  3371 | D:5      | Entered Level 5 of the Dungeon
  3375 | D:5      | Noticed Prince Ribbit
  3384 | D:5      | Killed Prince Ribbit
  3384 | D:5      | Reached skill level 1 in Stealth
  3384 | D:5      | Reached skill level 7 in Unarmed Combat
  3384 | D:5      | Reached skill level 1 in Poison Magic
  3384 | D:5      | Reached XP level 7. HP: 11/43 MP: 0/10
  3629 | D:5      | Found a blossoming altar of Fedhas.
  3688 | D:5      | Reached skill level 1 in Shields
  3883 | D:5      | Found a staircase to the Ecumenical Temple.
  3960 | D:5      | Noticed Blork the orc
  3977 | D:5      | Killed Blork the orc
  3977 | D:5      | Reached skill level 1 in Evocations
  4474 | D:5      | Found Ysi Kutz's Armour Shop.
  4874 | D:5      | Noticed Ijyb
  4886 | D:5      | Killed Ijyb
  4886 | D:5      | Reached XP level 8. HP: 48/48 MP: 8/11
  4975 | D:6      | Noticed Eustachio
  4983 | D:6      | Killed Eustachio
  5174 | D:6      | Found Hegawit's Distillery.
  5182 | D:6      | Bought a potion of mutation for 88 gold pieces
  5182 | D:6      | Bought a potion of mutation for 88 gold pieces
  5182 | D:6      | Bought a potion of heal wounds for 55 gold pieces
  5182 | D:6      | Bought a potion of heal wounds for 55 gold pieces
  5315 | D:6      | Found a stormy altar of Qazlal.
  5418 | D:6      | Noticed a troll
  5432 | D:6      | Killed a troll
  5443 | D:6      | Got a steaming mace
  5486 | D:6      | Reached skill level 5 in Transmutations
  5541 | D:6      | Reached skill level 8 in Unarmed Combat
  5541 | D:6      | Reached XP level 9. HP: 50/53 MP: 13/13
  5971 | D:7      | Found a runed door.
  6003 | D:7      | Noticed Crazy Yiuf
  6009 | D:7      | Killed Crazy Yiuf
  6014 | D:7      | Got a faintly glowing mace
  6087 | D:7      | Found a deep blue altar of Sif Muna.
  6090 | D:7      | Found a shadowy altar of Dithmenos.
  6090 | D:7      | Found a bloodstained altar of Trog.
  6098 | D:7      | Found a glowing silver altar of Zin.
  6228 | D:7      | Found a runed door.
  6233 | D:7      | Found a runed door.
  6873 | D:7      | Identified the +9 mace of Inconvenience {crush, +Blink rElec MR- Dex+4} (You found it on level 6 of the Dungeon)
  6874 | D:7      | Identified the +7 mace of Departure {venom, *Drain *Slow rN+++ SInv} (You found it on level 7 of the Dungeon)
  7004 | D:8      | Noticed Grum
  7020 | D:8      | Slain by Grum

Vault maps used:
D:1:      minmay_arrival_five_plusses, hangedman_decor_opposing
D:2:      grunt_temple_overflow_opulence, uniq_terence
D:3:      minitemple, minmay_liquid_box, nicolae_qazlal_eye_of_the_storm
D:4:      first_bread, serial_shops, nicolae_shop_waterfront,
          grunt_ministairs_9, minivault_24
D:5:      minmay_temple_entry_crystal_x, serial_shops, nicolae_shop_trees,
          lemuel_statue_altar, uniq_prince_ribbit1, uniq_blork_the_orc,
          uniq_ijyb
D:6:      old_standard_altar, serial_shops, shop, uniq_eustachio
D:7:      lemuel_insect_pit, grunt_temple_overflow_open,
          nicolae_underground_beach, uniq_crazy_yiuf_cottage
D:8:      uniq_grum

Skill      XL: |  1  2  3  4  5  6  7  8  9 |
---------------+----------------------------+-----
Unarmed Combat | 4 5 6 7 8 |  8.4
Stealth        | 1 3 4 |  4.3
Poison Magic   | 1 3 |  3.0
Shields        | 1 2 3 |  3.2
Transmutations | 3 5 6 |  6.3
Evocations     | 1 2 3 |  3.8
Dodging        | 3 |  3.7
Spellcasting   | 3 |  3.8
Fighting       | 2 |  2.2

Action                   |  1- 3 |  4- 6 |  7- 9 || total
-------------------------+-------+-------+-------++-------
Melee: Unarmed           |    69 |    87 |   228 ||   384
       Constrict         |    15 |    19 |    28 ||    62
       Tentacles         |     9 |     9 |    27 ||    45
       Kick              |       |     2 |     6 ||     8
       Punch             |       |     2 |     4 ||     6
 Cast: Spider Form       |     1 |     1 |    14 ||    16
       Beastly Appendage |       |     1 |     4 ||     5
       Sticks to Snakes  |       |     6 |     7 ||    13
Invok: Potion Petition   |       |       |     1 ||     1
Evoke: Wand              |       |       |     8 ||     8
  Use: Scroll            |       |     7 |     6 ||    13
       Potion            |       |     4 |     2 ||     6
 Stab: Sleeping          |     5 |     6 |    10 ||    21
       Distracted        |       |       |     1 ||     1
  Eat: Bread ration      |       |     2 |     2 ||     4
       Chunk             |       |     1 |       ||     1
       Fruit             |       |       |     7 ||     7
Armor: Skin              |     5 |     6 |     9 ||    20
Dodge: Dodged            |    39 |    59 |   195 ||   293

Table legend:
 A = Spawn XP
 B = Non-spawn XP
 C = Spawn XP percentage of total XP
 D = Spawn monster count
 E = Non-spawn monster count
 F = Spawn count percentage of total count
 G = Total turns spent on level
                    A         B        C        D         E        F      G
               +---------+---------+-------+---------+---------+-------+---------
         Total |     352 |    3707 |   8.7 |      10 |     129 |   7.2 |  7020
               +---------+---------+-------+---------+---------+-------+---------
           D:1 |       0 |      26 |   0.0 |       0 |      19 |   0.0 |   600
           D:2 |      10 |      89 |  10.1 |       5 |      17 |  22.7 |  1203
           D:3 |       0 |      74 |   0.0 |       0 |      14 |   0.0 |   810
           D:4 |       0 |     240 |   0.0 |       0 |       7 |   0.0 |   758
           D:5 |     227 |     536 |  29.8 |       3 |      14 |  17.6 |  1602
           D:6 |     115 |    1129 |   9.2 |       2 |      18 |  10.0 |   832
           D:7 |       0 |    1268 |   0.0 |       0 |      35 |   0.0 |  1096
           D:8 |       0 |     345 |   0.0 |       0 |       5 |   0.0 |   119
               +---------+---------+-------+---------+---------+-------+---------
